 Dungeon Crawl Stone Soup version 0.19.0-2-gae57169 (webtiles) character file.

347 Swifterio the Conjurer (level 6, -3/36 HPs)
             Began as an Octopode Wizard on Nov 3, 2016.
             Slain by a sky beast (6 damage)
             ... on level 3 of the Dungeon.
             The game lasted 00:15:45 (3362 turns).

Swifterio the Conjurer (Octopode Wizard)            Turns: 3362, Time: 00:15:45

Health: -3/36      AC:  1    Str:  7    XL:     6   Next: 59%
Magic:  7/10       EV: 13    Int: 22    God:
Gold:   130        SH:  0    Dex: 10    Spells: 4 memorised, 2 levels left

rFire  . . .     SeeInvis .     k - +1 dagger (speed)
rCold  . . .     Gourm    .     (no shield)
rNeg   + . .     Faith    .     a - +0 hat
rPois  .         Spirit   .     (no amulet)
rElec  .         Reflect  .     q - ring of positive energy
rCorr  +         Harm     .     s - ring of resist corrosion
MR     .....                    (no ring)
Stlth  +++.......               (no ring)
                                (no ring)
                                (no ring)
                                (no ring)
                                (no ring)

@: no status effects
A: almost no armour, stealthy swim, amphibious, 8 rings, constrict 8, camouflage
1, gelatinous body 1
a: no special abilities


You were on level 3 of the Dungeon.
You were very hungry.

You visited 1 branch of the dungeon, and saw 3 of its levels.

You collected 130 gold pieces.

Inventory:

Hand Weapons
 k - a +1 dagger of speed (weapon)
Armour
 a - a +0 hat (worn)
Jewellery
 q - a ring of positive energy (left tentacle)
 s - a ring of resist corrosion (right tentacle)
Scrolls
 d - a scroll of amnesia {unknown}
 f - 2 scrolls of immolation {unknown}
 i - a scroll of fear {unknown}
 l - 3 scrolls of enchant weapon {unknown}
 m - 2 scrolls of identify {unknown}
 r - 2 scrolls of remove curse {unknown}
 u - a scroll of magic mapping {unknown}
 v - a scroll of enchant armour {unknown}
Potions
 e - 3 potions of heal wounds {unknown}
 h - 2 potions of mutation {unknown}
 j - a potion of degeneration {unknown}
 n - a potion of resistance {unknown}
Books
 b - a book of Minor Magic

   Spells                             Type                      Level
   a - Magic Dart                     Conjuration                  1
   b - Blink                          Translocation                2
   c - Call Imp                       Summoning                    2
   d - Repel Missiles                 Charms/Air                   2
   e - Slow                           Hexes                        2
   f - Conjure Flame                  Conjuration/Fire             3
   g - Mephitic Cloud                 Conjuration/Poison/Air       3
Comestibles
 c - 3 bread rations
 g - a slice of pizza
 o - 4 meat rations
 p - a beef jerky


   Skills:
 - Level 2.0 Dodging
 - Level 2.6 Stealth
 - Level 3.0 Spellcasting
 + Level 6.5 Conjurations
   Level 1.0 Summonings
 - Level 1.0 Translocations


You had 2 spell levels left.
You knew the following spells:

 Your Spells              Type           Power        Failure   Level  Hunger
a - Magic Dart            Conj           ####         1%          1    None
b - Blink                 Tloc           N/A          14%         2    ##.....
c - Conjure Flame         Conj/Fire      ###.....     12%         3    ###....
d - Mephitic Cloud        Conj/Pois/Air  ##......     17%         3    ###....


Dungeon Overview and Level Annotations

Branches:
Dungeon (3/15)

Altars:
Trog
Uskayaw

Annotations:
D:3 Zeloya's ghost, amateur KoAE


Innate Abilities, Weirdness & Mutations

You cannot wear most types of armour.
You are very stealthy in the water. (Stealth+)
You are amphibious.
You can wear up to eight rings at the same time.
You can use your tentacles to constrict eight enemies at once.
Your skin changes colour to match your surroundings (Stealth+).
Your rubbery body absorbs attacks. (AC +1, EV +1)


Message History

Aim: a sky beast (heavily wounded)
Okay, then.
The sky beast flickers out of sight!
Deactivating autopickup; reactivate with Ctrl-A.
You are feeling very hungry.
Your magical contamination has completely faded away.
Zeloya's ghost (amateur Kobold Air Elementalist) comes into view.
It is wielding a weapon of electrocution.
A sky beast appears from thin air!
Reactivating autopickup.
The sky beast flickers out of sight!
Deactivating autopickup; reactivate with Ctrl-A.
Zeloya's ghost casts a spell at you.
The zap hits something.
The zap hits you!
* * * LOW HITPOINT WARNING * * *
Zeloya's ghost casts a spell at you. The zap misses you. Something hits you.
* * * LOW HITPOINT WARNING * * *
Something shocks you.
You die...

........#.#### #.# #.#########
.####.######.# #.# #.#.[<.....
.# #.# #..# #.# #.#.####### ##
#.# ##.# #.# #.#.### #####.#
#.# #.#####.....# .W...§# #.#
#....##.....# #####.# #.#
#...........# #
#.######.####....##.....#
#####....W......@.#.###.......
....≈......#.######.#
#######.# ##########.#.# #.#
.# #....# #.# . #...#######.#
#............ #.)..........
#.##.####.## #.##.#


You could see Zeloya's ghost.

Vanquished Creatures
  Sigmund (D:2)
  Ijyb (D:2)
  2 orc wizards (D:3)
  3 adders
  An ooze (D:2)
  A worm (D:2)
  4 dart slugs
  2 leopard geckos
  4 orcs (D:3)
  2 giant cockroaches
  6 goblins
  9 hobgoblins
  6 jackals
  A quokka (D:2)
  8 bats
  5 frilled lizards
  8 kobolds
  A rat (D:1)
65 creatures vanquished.

Notes
Turn   | Place    | Note
-------+----------+-------------------------------------------
     0 | D:1      | Swifterio the Octopode Wizard began the quest for the Orb.
     0 | D:1      | Reached XP level 1. HP: 11/11 MP: 4/4
   256 | D:1      | Reached skill level 2 in Conjurations
   256 | D:1      | Reached XP level 2. HP: 10/17 MP: 0/6
  1040 | D:2      | Reached XP level 3. HP: 20/21 MP: 2/7
  1060 | D:2      | Learned a level 2 spell: Blink
  1064 | D:2      | Learned a level 3 spell: Conjure Flame
  1076 | D:2      | Reached skill level 3 in Conjurations
  1095 | D:2      | Noticed Sigmund
  1416 | D:2      | Noticed Ijyb
  1446 | D:2      | Killed Ijyb
  1446 | D:2      | Reached XP level 4. HP: 14/27 MP: 1/8
  1514 | D:2      | Learned a level 3 spell: Mephitic Cloud
  1699 | D:2      | Reached skill level 4 in Conjurations
  2206 | D:2      | Killed Sigmund
  2206 | D:2      | Reached skill level 5 in Conjurations
  2206 | D:2      | Reached XP level 5. HP: 31/31 MP: 3/9
  2206 | D:2      | Reached XP level 6. HP: 36/36 MP: 3/10
  2236 | D:2      | Reached skill level 6 in Conjurations
  2936 | D:3      | Noticed a sky beast
  3210 | D:3      | Found a hide-covered altar of Uskayaw.
  3210 | D:3      | Found a bloodstained altar of Trog.
  3345 | D:3      | Noticed Zeloya's ghost (amateur KoAE)
  3362 | D:3      | Slain by a sky beast

Skill      XL: |  1  2  3  4  5  6 |
---------------+-------------------+-----
Conjurations   | 2 3 5 6 |  6.5
Dodging        | |  2.0
Stealth        | |  2.6
Spellcasting   | |  3.0
Summonings     | |  1.0
Translocations | |  1.0

Action                   |  1- 3 |  4- 6 || total
-------------------------+-------+-------++-------
Melee: Unarmed           |     7 |       ||     7
       Dagger            |    23 |    78 ||   101
       Constrict         |     7 |    19 ||    26
       Tentacles         |     1 |    12 ||    13
       Short sword       |     4 |       ||     4
 Cast: Magic Dart        |    39 |    57 ||    96
       Conjure Flame     |     1 |     3 ||     4
       Mephitic Cloud    |       |     2 ||     2
 Stab: Sleeping          |     1 |     3 ||     4
       Confused          |       |     1 ||     1
  Eat: Chunk             |     1 |     6 ||     7
Armor: Skin              |     1 |     5 ||     6
Dodge: Dodged            |    20 |    43 ||    63
